 Dungeon Crawl Stone Soup version 0.23.1 (webtiles) character file.

Game seed: 3446492686402319492

473 Marnok the Cutter (level 7, 0/53 HPs)
             Began as a Human Fighter on Mar 2, 2019.
             Slain by a kobold
             ... wielding a +0 dagger
              (1 damage)
             ... on level 3 of the Dungeon.
             The game lasted 00:14:29 (2663 turns).

Marnok the Cutter (Human Fighter)                   Turns: 2663, Time: 00:14:29

Health: 0/53       AC:  7    Str: 17 (18) XL:     7   Next: 32%
Magic:  7/7        EV: 10    Int:  8 (9)  God:
Gold:   103        SH: 10    Dex: 11 (12) Spells: 6/6 levels left

rFire    . . .     SeeInvis .   h - +1 short sword (holy)
rCold    . . .     Gourm    .   c - +1 shield
rNeg     + . .     Faith    .   s - +1 robe {rN+}
rPois    .         Spirit   .   o - +2 helmet
rElec    .         Reflect  .   j - +0 cloak
rCorr    .         Harm     .   (no gloves)
MR       .....                  (no boots)
Stlth    +.........             (no amulet)
HPRegen  0.17/turn              (no ring)
MPRegen  0.10/turn              (no ring)

@: berserk cooldown, slowed, lightly drained, very slow
A: no striking features
a: no special abilities


You were on level 3 of the Dungeon.
You were hungry.

You visited 1 branch of the dungeon, and saw 5 of its levels.

You collected 103 gold pieces.

Inventory:

Hand Weapons
 a - a +1 rapier
 h - a +1 short sword of holy wrath (weapon)
 k - a +0 short sword of speed
 l - a +3 spear of freezing
 q - a +4 hand axe of venom
Missiles
 t - 8 needles of confusion
Armour
 b - a +0 scale mail
 c - a +1 shield (worn)
 j - a +0 cloak (worn)
 o - a +2 helmet (worn)
 s - a +1 robe of positive energy (worn)
Jewellery
 p - a cursed amulet of inaccuracy {unknown}
Scrolls
 e - 4 scrolls of remove curse
 g - a scroll of identify
 m - a scroll of fog
Comestibles
 f - 5 rations


   Skills:
 + Level 3.7(3.4) Fighting
 + Level 4.9(4.6) Short Blades
 + Level 4.0(3.8) Armour
 + Level 2.4(2.1) Dodging
 + Level 4.3(4.0) Shields


You had 6 spell levels left.
You didn't know any spells.
Your spell library contained the following spells:

 Spells                   Type           Power        Failure   Level  Hunger
 Confusing Touch          Hex            #.....       87%         1    ##.....
 Magic Dart               Conj           #...         87%         1    ##.....
 Blink                    Tloc           N/A          95%         2    ###....
 Call Imp                 Summ           #.......     95%         2    ###....
 Slow                     Hex            #.......     95%         2    ###....
 Confuse                  Hex            #.......     99%         3    ####...
 Conjure Flame            Conj/Fire      #.......     99%         3    ####...
 Gell's Gravitas          Tloc           #.........   99%         3    ####...
 Mephitic Cloud           Conj/Pois/Air  #.......     99%         3    ####...
 Petrify                  Tmut/Erth      #.......     100%        4    #####..
 Metabolic Englaciation   Hex/Ice        #.........   100%        5    ######.
 Yara's Violent Unravell  Hex/Tmut       #.........   100%        5    ######.


Dungeon Overview and Level Annotations

Branches:
Dungeon (5/15)
 Temple: D:4-7

Altars:


Message History

You puncture the hobgoblin!
You kill the hobgoblin!
You puncture the gnoll!
The gnoll is heavily wounded.
The gnoll hits you with a +0 club.
* * * LOW HITPOINT WARNING * * *
You puncture the gnoll!
You kill the gnoll!
You puncture the gnoll!
You kill the gnoll!
You are no longer berserk.
You are exhausted.
You feel yourself slow down. You block the kobold's attack.
The kobold completely misses you.
Items here: ))) †† a +0 flail; a +0 club x2; a gnoll corpse; a hobgoblin corpse You hit the kobold.
The kobold is severely wounded.
The kobold hits you with a +0 dagger.
You die...

#.....# #.# #...g.# #.#
#...g.# #.# #####s# #.# #
#.# #.# ## #.#
############ #.#
.####g###§§§§§.....# #.#
.#.....s.§§.....K#.# #.#
.#.##.###§######@#.# #.#
.#.#....#.# #)#.# #.#
.#.#...##.# #.#.# #.#
...#...##.. #.#.# #.#
#..#...#######.#.#.# #.#
.......[[......#.#.# #.#
#÷.##.##########.#.####.#
...#...........#.#......#
...#..######...#.#####.÷#


You could see a kobold.

Vanquished Creatures
  A hound (D:4)
  An orc priest (D:3)
  3 orc wizards
  Jessica (D:2)
  Natasha (twice) (D:2)
  Terence (D:3)
  A worker ant (D:4)
  2 worker ant zombies (D:4)
  Robin (D:3)
  3 gnolls (D:3)
  4 adders
  An ooze (D:1)
  A worm (D:4)
  4 dart slugs
  A leopard gecko (D:4)
  9 orcs
  5 bats
  6 giant cockroaches
  13 goblins
  6 hobgoblins
  5 jackals
  6 kobolds
  3 quokkas
  7 frilled lizards
  A quokka zombie (D:4)
  9 rats
97 creatures vanquished.

Notes
Turn   | Place    | Note
-------+----------+-------------------------------------------
     0 | D:1      | Marnok the Human Fighter began the quest for the Orb.
     0 | D:1      | Reached XP level 1. HP: 18/18 MP: 1/1
    79 | D:1      | Reached XP level 2. HP: 24/24 MP: 2/2
   184 | D:2      | Noticed Jessica
   203 | D:2      | Noticed Natasha
   398 | D:1      | Reached XP level 3. HP: 28/29 MP: 3/3
   887 | D:2      | Killed Natasha
   887 | D:2      | Reached XP level 4. HP: 35/35 MP: 4/4
   994 | D:2      | Killed Jessica
   994 | D:2      | Reached XP level 5. HP: 41/41 MP: 5/5
  1056 | D:2      | Noticed Natasha
  1070 | D:2      | Killed Natasha
  1337 | D:3      | Noticed Robin
  1353 | D:3      | Killed Robin
  1353 | D:3      | Reached XP level 6. HP: 33/47 MP: 6/6
  1510 | D:3      | Reached skill level 1 in Dodging
  2104 | D:5      | Entered Level 5 of the Dungeon
  2151 | D:4      | Reached XP level 7. HP: 52/52 MP: 7/7
  2558 | D:3      | Noticed Terence
  2576 | D:3      | Killed Terence
  2659 | D:3      | HP: 1/79 [gnoll/+0 club (5)]
  2663 | D:3      | Slain by a kobold

Skill      XL: |  1  2  3  4  5  6 |
---------------+-------------------+-----
Short Blades   | 3 4 |  4.9
Dodging        | 2 |  2.4
Armour         | 4 |  4.0
Shields        | 4 |  4.3
Fighting       | |  3.7

Action                   |  1- 3 |  4- 6 |  7- 9 || total
-------------------------+-------+-------+-------++-------
Melee: Rapier            |   120 |   184 |       ||   304
       Short sword       |       |    50 |    93 ||   143
  Use: Potion            |     1 |     6 |     1 ||     8
       Scroll            |       |     6 |     1 ||     7
  Eat: Chunk             |       |     5 |     1 ||     6
Armor: Scale mail        |    52 |    60 |       ||   112
       Robe              |       |    34 |    22 ||    56
       Skin              |       |     8 |     7 ||    15
Dodge: Dodged            |    32 |    65 |    17 ||   114
Block: Shield            |    72 |   118 |    30 ||   220
